 Dungeon Crawl Stone Soup version 0.31-a0-1074-g0b22e4e0f1 (webtiles) character file.

Game seed: 8893859302722888192

279 Fodor the Chopper (level 6, -2/49 (53) HPs)
             Began as a Minotaur Fighter on Dec 5, 2023.
             Slain by a wight
             ... wielding a +4 war axe of freezing
              (5 damage)
             ... on level 5 of the Dungeon on Dec 8, 2023.
             The game lasted 00:16:55 (2775 turns).

Fodor the Chopper (Minotaur Fighter)                Turns: 2775, Time: 00:16:57

HP:   -2/49 (53)    AC:  7    Str: 22    XL:     6   Next: 5%
MP:   5/5           EV: 10    Int:  5    God:
Gold: 255           SH:  4    Dex: 10    Spells: 5/5 levels left

rFire   . . .        a - +0 war axe
rCold   . . .        c - +0 buckler
rNeg    . . .        b - +0 scale mail
rPois   +            (helmet restricted)
rElec   .            (no cloak)
rCorr   .            (no gloves)
SInv    .            (no boots)
Will    .....        (no amulet) Stlth
                     w - ring of poison resistance
HPRegen 0.28/turn    (no ring)
MPRegen 0.09/turn

%: no passive effects
@: drained
A: horns 2, retaliatory headbutt
a: no special abilities


You were on level 5 of the Dungeon.
You visited 1 branch of the dungeon, and saw 5 of its levels.

You collected 255 gold pieces.

Inventory:

Hand Weapons
 a - a +0 war axe (weapon)
 x - a +0 morningstar
Armour
 b - a +0 scale mail (worn)
 c - a +0 buckler (worn)
Jewellery
 w - a ring of poison resistance (left hand)
Talismans
 q - a maw talisman
Scrolls
 e - 2 scrolls of fear {unknown}
 i - 2 scrolls of enchant armour {unknown}
 k - 2 scrolls of amnesia {unknown}
 l - 7 scrolls of identify {unknown}
 m - a scroll of vulnerability {unknown}
 n - a scroll of acquirement {unknown}
 p - a scroll of enchant weapon {unknown}
 r - a scroll of blinking {unknown}
 t - 2 scrolls of teleportation {unknown}
 u - a scroll of poison {unknown}
Potions
 d - a potion of might
 f - a potion of brilliance {unknown}
 g - 3 potions of attraction {unknown}
 h - a potion of mutation {unknown}
 j - 2 potions of berserk rage {unknown}
 o - a potion of lignification {unknown}
 s - 2 potions of enlightenment {unknown}
 v - a potion of curing {unknown}


   Skills:
 + Level 4.5 Fighting
 + Level 5.3 Axes
 + Level 5.0 Armour
 + Level 1.2 Dodging
 + Level 0.7 Stealth
 + Level 4.2 Shields


You had 5 spell levels left.
You didn't know any spells.
Your spell library contained the following spells:

 Spells                   Type           Power      Damage    Failure   Level
 Slow                     Hex            0%         N/A       85%         1
 Cigotuvi's Dreadful Rot  Necr/Pois/Air  0%         N/A       94%         2
 Lesser Beckoning         Tloc           0%         N/A       94%         2
 Confusing Touch          Hex            0%         N/A       99%         3
 Gell's Gravitas          Tloc           0%         N/A       99%         3
 Ignite Poison            Fire/Tmut/Pois 0%         N/A       99%         3
 Sigil of Binding         Hex            0%         N/A       99%         3
 Teleport Other           Tloc           0%         N/A       99%         3
 Vampiric Draining        Necr           0%         2d6       99%         3
 Freezing Cloud           Conj/Ice/Air   0%         6-21      100%        5


Dungeon Overview and Level Annotations

Branches:
Dungeon (5/15)
 Temple: D:4-7

Altars:
Sif Muna


Innate Abilities, Weirdness & Mutations

You have a pair of horns on your head.
You reflexively headbutt those who attack you in melee.


Message History

Found a scroll labelled ZUXYAP IGAEPLOLIUGH.
l - 7 scrolls labelled ZUXYAP IGAEPLOLIUGH (gained 1)
There is a stone staircase leading down here.
You climb downwards.
Found an escape hatch in the ceiling.
There is a stone staircase leading up here.
A wight comes into view.
It is wielding a +4 war axe of freezing.
Found a white potion.
The wight hits you with a +4 war axe of freezing.
You feel drained. The wight freezes you.
You hit the wight but do no damage. The wight barely misses you.
You barely miss the wight.
You headbutt the wight, but do no damage.
The wight barely misses you.
You completely miss the wight.
The wight hits you with a +4 war axe of freezing!
You feel drained. The wight freezes you.
You hit the wight.
The wight is lightly damaged.
The wight barely misses you. You block the wight's attack.
You hit the wight but do no damage. You headbutt the wight!
The wight is heavily damaged.
The wight hits you with a +4 war axe of freezing!
You feel drained. The wight freezes you.
You hit the wight.
The wight is severely damaged.
The wight hits you with a +4 war axe of freezing.
The wight freezes you.
* * * LOW HITPOINT WARNING * * *
You barely miss the wight.
The wight is severely damaged.
You block the wight's attack.
You hit the wight.
The wight is almost destroyed.
The wight hits you with a +4 war axe of freezing!
* * * LOW HITPOINT WARNING * * *
The wight freezes you.
* * * LOW HITPOINT WARNING * * *
The wight hits you with a +4 war axe of freezing.
You die...

#..## #....
#....##
#....!#
#....#
....# #z.#
#@#
#.######
#......#
######.#
#.# #.###
#...#######
###.<......
#........


You could see a wight.

Vanquished Creatures
  3 hounds
  Terence (D:2)
  An iguana (D:3)
  An orc wizard (D:3)
  3 adders
  3 worms
  2 dart slugs
  6 orcs
  7 ball pythons
  3 endoplasms
  3 giant cockroaches
  6 hobgoblins
  3 jackals (D:2)
  8 kobolds
  3 quokkas
  5 bats
  4 frilled lizards
  5 goblins
  7 rats
74 creatures vanquished.

Notes
Turn   | Place    | Note
-------+----------+-------------------------------------------
     0 | D:1      | Fodor the Minotaur Fighter began the quest for the Orb.
     0 | D:1      | Reached XP level 1. HP: 19/19 MP: 0/0
   173 | D:1      | Reached XP level 2. HP: 16/27 MP: 1/1
   534 | D:1      | Found a faded altar of an unknown god.
  1065 | D:2      | Noticed Terence
  1072 | D:2      | Reached XP level 3. HP: 20/33 MP: 2/2
  1076 | D:2      | Killed Terence
  1229 | D:2      | Reached XP level 4. HP: 40/40 MP: 3/3
  1774 | D:3      | Reached skill level 1 in Dodging
  1921 | D:3      | Reached XP level 5. HP: 32/46 MP: 4/4
  2354 | D:4      | Reached skill level 5 in Axes
  2398 | D:4      | Reached skill level 5 in Armour
  2428 | D:4      | Reached XP level 6. HP: 45/53 MP: 5/5
  2642 | D:4      | Found a shimmering blue altar of Sif Muna.
  2751 | D:5      | Entered Level 5 of the Dungeon
  2775 | D:5      | Slain by a wight

Illustrated notes

Levels and vault maps discovered:
D:1:      nzn_arrival_crosshair, layout_loops_ring,
          hellmonk_ecumenical_altar_pennies_from_heaven
D:2:      layout_basic, uniq_terence
D:3:      layout_basic, st_stairs_5
D:4:      layout_rooms, nicolae_sif_muna_little_library,
          nicolae_elevator_lobby_plus
D:5:      minmay_opposing_rooms, layout_basic, kennysheep_minor_cross,
          uniq_crazy_yiuf_cottage

Skill      XL: |  1  2  3  4  5 |
---------------+----------------+-----
Axes           | 3 4 5 |  5.3
Shields        | 4 |  4.2
Fighting       | 4 |  4.5
Armour         | 4 5 |  5.0
Dodging        | 1 |  1.2
Stealth        | |  0.7

Action                     |  1- 3 |  4- 6 || total
---------------------------+-------+-------++-------
  Melee: War axe           |    63 |    98 ||   161
         Headbutt          |     6 |     9 ||    15
 Armour: Scale mail        |    80 |    74 ||   154
  Dodge: Dodged            |    44 |    54 ||    98
  Block: Buckler           |    21 |    12 ||    33

Table legend: (Time is in decaauts)
 A = Elapsed time spent in this place.
 B = Non-inter-level travel time spent in this place.
 C = Inter-level travel time spent in this place.
 D = Time resting spent in this place.
 E = Time spent auto-exploring this place.
 F = Levels seen in this place.
 G = Mean time per level.
                   A        B        C        D        E       F      G
               +--------+--------+--------+--------+--------+-----+--------+
         Total |   2832 |   2773 |     59 |    229 |      0 |   5 |  566.4 |
       Dungeon |   2832 |   2773 |     59 |    229 |      0 |   5 |  566.4 |
               +--------+--------+--------+--------+--------+-----+--------+

Top non-repeatable levels by time:
     D:2: 953 daAuts
     D:1: 788 daAuts
     D:3: 564 daAuts
     D:4: 501 daAuts
     D:5: 25 daAuts
